 Dungeon Crawl Stone Soup version 0.29.0-15-g675c0067aa (webtiles) character file.

Game seed: 8317242556445025038

61 Persephone the Chopper (level 4, -7/40 HPs)
             Began as a Hill Orc Fighter on Sept 11, 2022.
             Mangled by Sigmund
             ... wielding a +1 vampiric scythe
              (11 damage)
             ... on level 2 of the Dungeon.
             The game lasted 00:02:06 (1269 turns).

Persephone the Chopper (Hill Orc Fighter)           Turns: 1269, Time: 00:02:06

Health: -7/40      AC:  6    Str: 20    XL:     4   Next: 7%
Magic:  4/4        EV:  9    Int:  8    God:
Gold:   49         SH:  4    Dex: 10    Spells: 3/3 levels left

rFire   . . .      SeeInvis .   a - +0 war axe
rCold   . . .      Faith    .   c - +0 buckler
rNeg    . . .      Spirit   .   b - +0 scale mail
rPois   .          Reflect  .   (no helmet)
rElec   .          Harm     .   (no cloak)
rCorr   .          Rampage  .   (no gloves)
Will    .....                   (no boots)
Stlth   ..........              (no amulet)
HPRegen 0.13/turn               (no ring)
MPRegen 0.09/turn               (no ring)

@: mighty
A: no striking features
a: no special abilities


You were on level 2 of the Dungeon.
You visited 1 branch of the dungeon, and saw 2 of its levels.

You collected 49 gold pieces.

Inventory:

Hand Weapons
 a - a +0 war axe (weapon)
Armour
 b - a +0 scale mail (worn)
 c - a +0 buckler (worn)
Scrolls
 f - 2 scrolls of identify {unknown}
 h - a scroll of blinking {unknown}
Potions
 e - 2 potions of berserk rage {unknown}
 g - a potion of curing {unknown}
 i - a potion of ambrosia {unknown}


   Skills:
 - Level 3.6 Fighting
 + Level 5.5 Axes
 - Level 3.3 Armour
 - Level 3.3 Shields


You had 3 spell levels left.
You didn't know any spells.
Your spell library contained the following spells:

 Spells                   Type           Power      Damage    Failure   Level
 Summon Guardian Golem    Hex/Summ       0%         N/A       99%         3
 Orb of Destruction       Conj           0%         9d5       100%        7
 Spellforged Servitor     Conj/Summ      0%         N/A       100%        7


Dungeon Overview and Level Annotations

Branches:
Dungeon (2/15)

Altars:

Annotations:
D:2 Sigmund


Message History

You are too confused!
Sigmund casts a spell at you. The magic dart hits you.
Sigmund says, "You will soon forget everything."
Sigmund barely misses you.
You bump into the rock wall.
Sigmund hits you from afar with a +1 vampiric scythe.
You bump into the rock wall.
Sigmund gestures wildly while chanting.
Sigmund flickers and vanishes!
Deactivating autopickup; reactivate with Ctrl-A.
You hear some strange, mumbled words.
You are more confused.
You see here a murky yellow potion.
You hear some strange, mumbled words.
You are more confused.
You bump into the rock wall.
Something hits you!
You're too confused to attack without stumbling around!
You're too confused to attack without stumbling around!
You're too confused to attack without stumbling around!
You're too confused to attack without stumbling around!
You're too confused to move!
Something hits you!
* * * LOW HITPOINT WARNING * * *
You see here a murky yellow potion.
You barely miss something. Something hits you but does no damage.
Something hits you but does no damage. Something hits you.
* * * LOW HITPOINT WARNING * * *
You bump into the rock wall.
You feel very mighty all of a sudden. Something hits you but does no damage.
Something hits you but does no damage.
You see here a murky yellow potion.
You closely miss something. Something hits you but does no damage.
You feel less confused. Something hits you but does no damage.
You miss something. Something hits you.
* * * LOW HITPOINT WARNING * * *
You miss something. Something hits you!
You die...

# #.........####....)##..#
####.#......####......#.##
..##.....................####
#........†.....#..#.#<.......
#..#........####....##.......
.....#.#...####...### #.####.
.....#.#.####.....# .#
..#......[......######.##
.##......###....@{.....###
.##....### #..##.!........
........####.###..........
.............# #.#........
.............# #.#........
....#........( ..#........
....############..........
........... ..#........
..######### ###........


There were no monsters in sight!

Vanquished Creatures
  A worm (D:2)
  4 dart slugs
  6 bats (D:1)
  4 endoplasms
  A giant cockroach (D:1)
  2 goblins (D:1)
  4 hobgoblins (D:1)
  3 jackals (D:1)
  5 quokkas (D:1)
  4 ball pythons
  6 frilled lizards (D:1)
  6 kobolds (D:1)
  3 rats
49 creatures vanquished.

Notes
Turn   | Place    | Note
-------+----------+-------------------------------------------
     0 | D:1      | Persephone the Hill Orc Fighter began the quest for the
                  | Orb.
     0 | D:1      | Reached XP level 1. HP: 19/19 MP: 1/1
   129 | D:1      | Reached skill level 3 in Axes
   139 | D:1      | Reached XP level 2. HP: 12/27 MP: 2/2
   156 | D:1      | Reached skill level 4 in Axes
   483 | D:1      | Reached XP level 3. HP: 31/33 MP: 3/3
   554 | D:1      | Found a faded altar of an unknown god.
   823 | D:1      | Reached skill level 5 in Axes
  1053 | D:2      | Identified the +7 short sword of Wu Jian's Vengeance {elec,
                  | Int+5}
  1143 | D:2      | Reached XP level 4. HP: 33/40 MP: 4/4
  1245 | D:2      | Noticed Sigmund
  1269 | D:2      | Mangled by Sigmund

Illustrated notes

Levels and vault maps discovered:
D:1:      co_arrival_random_square_maze, layout_rooms,
          hellmonk_ecumenical_altar_pennies_from_heaven, minmay_pentomino_p4
D:2:      layout_rooms, uniq_sigmund

Skill      XL: |  1  2  3 |
---------------+----------+-----
Axes           | 3 4 5 |  5.5
Fighting       | |  3.6
Armour         | |  3.3
Shields        | |  3.3

Action                   |  1- 3 |  4- 6 || total
-------------------------+-------+-------++-------
Melee: War axe           |   110 |     5 ||   115
  Use: Potion            |       |     1 ||     1
Armor: Scale mail        |    47 |     6 ||    53
Dodge: Dodged            |    49 |     2 ||    51
Block: Buckler           |    21 |       ||    21
